Map: Dusk Towers

Players

LiquidSnute (Snute)

  • Race: Zerg Zerg
  • League: Grandmaster

PtitDrogo - Winner!

  • Race: Protoss Protoss
  • League: Master

Event: Homestory Cup XII

VOD

Have the link to the VOD?

Description

Time

  • Played on: Dec. 19, 2015, 12:07 p.m.
  • Length: 7:05

All games in this series

Show
View Real Time Build Order
Export as new Build Order

LiquidSnute Zerg 

Build Orders: 3 Hatch before Pool 

Get SALT Encoding   

  12  0:00  Drone  
  13  0:13  Overlord  
  13  0:17  Drone  
  14  0:31  Drone x2  
  14  0:35  Drone  
  17  0:52  Hatchery  
  17  0:54  Drone  
  17  0:57  Drone  
  18  1:17  Hatchery  
  17  1:28  Spawning Pool  
  17  1:32  Drone  
  17  1:35  Drone  
  17  1:38  Drone  
  19  1:43  Drone  
  20  1:54  Drone  
  21  2:05  Drone, Overlord  
  22  2:14  Queen x2  
  26  2:16  Zergling x2  
  26  2:17  Drone  
  28  2:26  Drone  
  28  2:27  Drone  
  30  2:30  Queen  
  30  2:32  Drone  
  33  2:38  Drone x2  
  33  2:40  Drone  
  36  2:50  Queen x2  
  40  2:55  Zergling x4  
  39  2:59  Zergling x2  
  39  3:04  Extractor  
  39  3:05  Spore Crawler, Zergling x2  
  38  3:12  Zergling x6  
  40  3:15  Zergling x2  
  39  3:24  Zergling x6  
  39  3:30  Drone  
  39  3:32  Drone  
  39  3:33  Drone  
  42  3:40  Overlord  
  42  3:47  Overlord  
  42  3:59  Drone x2  
  42  4:00  Drone x2  
  42  4:02  Drone x3  
  49  4:03  Drone, Extractor  
  49  4:05  Drone  
  49  4:07  Extractor  
  49  4:08  Drone  
  50  4:10  Drone  
  50  4:12  Drone  
  50  4:14  Drone  
  53  4:17  Drone  
  53  4:19  Drone  
  55  4:27  Drone  
  55  4:28  Roach Warren, Drone  
  56  4:33  Overlord  
  56  4:35  Drone x2  
  58  4:39  Overlord  
  58  4:43  Overlord  
  58  4:45  Overlord  
  56  5:07  Roach x3  
  56  5:12  Roach x3  
  56  5:13  Roach x2  
  61  5:23  Zergling x8  
  50  5:44  Zergling x8  
  49  6:01  Drone  
  49  6:02  Drone x3  
  52  6:07  Drone  
  53  6:17  Drone x2  
  55  6:21  Drone  
  55  6:24  Drone  
  57  6:29  Drone  
  56  6:43  Drone  
  56  6:44  Drone x3  
  56  6:49  Drone  
  56  6:50  Drone  
Show
View Real Time Build Order
Export as new Build Order

PtitDrogo Protoss - Winner!

Build Orders: 1 Gate Expand 

Get SALT Encoding   

  12  0:01  Probe (Chrono Boost)  
  13  0:14  Pylon  
  13  0:16  Probe (Chrono Boost)  
  14  0:27  Probe (Chrono Boost)  
  15  0:33  Gateway  
  15  0:37  Probe (Chrono Boost)  
  16  0:48  Probe (Chrono Boost)  
  16  0:49  Assimilator  
  17  0:58  Probe (Chrono Boost)  
  17  1:02  Gateway  
  18  1:09  Probe (Chrono Boost)  
  19  1:21  Cybernetics Core  
  19  1:40  Nexus  
  21  1:58  Warp Gate  
  21  1:59  Adept x2 (Chrono Boost)  
  23  2:05  Pylon  
  23  2:09  Assimilator  
  23  2:23  Probe (Chrono Boost)  
  23  2:25  Adept  
  26  2:34  Probe (Chrono Boost)  
  27  2:39  Twilight Council  
  27  2:44  Probe (Chrono Boost)  
  28  2:57  Probe (Chrono Boost)  
  28  2:58  Probe (Chrono Boost)  
  30  3:03  Robotics Facility  
  30  3:08  Probe x2 (Chrono Boost)  
  32  3:18  Probe (Chrono Boost)  
  32  3:19  Probe (Chrono Boost)  
  34  3:30  Resonating Glaives (Chrono Boost)  
  34  3:31  Probe  
  35  3:35  Gateway, Probe  
  35  3:36  Gateway  
  36  3:43  Probe  
  36  3:46  Probe  
  38  3:50  Warp Prism (Chrono Boost)  
  40  3:55  Probe  
  40  3:58  Mothership Core  
  40  4:02  Pylon  
  43  4:08  Probe  
  44  4:10  Adept  
  44  4:12  Pylon  
  46  4:20  Adept  
  46  4:21  Probe  
  46  4:24  Probe  
  50  4:34  Probe  
  50  4:35  Pylon  
  50  4:36  Probe  
  52  4:42  Adept x3  
  52  4:43  Adept  
  60  4:49  Probe  
  60  4:52  Pylon  
  61  4:56  Probe  
  62  5:02  Probe  
  61  5:09  Adept x4  
  61  5:11  Probe  
  64  5:17  Probe  
  63  5:24  Nexus  
  63  5:27  Adept  
  64  5:31  Adept x2  
  64  5:34  Probe  
  64  5:39  Probe  
  63  5:47  Probe, Assimilator  
  63  5:48  Assimilator  
  64  5:51  Probe  
  61  5:59  Probe  
  61  6:03  Probe, Pylon  
  63  6:08  Pylon  
  63  6:09  Pylon  
  63  6:11  Probe  
  64  6:12  Sentry x3  
  64  6:15  Probe  
  64  6:17  Pylon  
  69  6:23  Immortal (Chrono Boost), Probe  
  74  6:28  Probe  
  75  6:35  Probe  
  75  6:39  Probe  
  76  6:40  Probe  
  76  6:47  Probe  
  76  6:50  Probe  
  76  6:52  Probe, Assimilator  
  76  6:54  Assimilator  
Tags
 
Add a new tag
Caveats
  • Supply blocks, unpowered buildings, or Contaminate may cause inaccurate times.
  • Supply counts are checked every 10 seconds.